Map: [ESL] Cosmic Sapphire

Players

Elazer - Winner!

  • Race: Zerg Zerg
  • Spawn Location: 11:00

PtitDrogo

  • Race: Protoss Protoss
  • Spawn Location: 5:00

Event: DreamHack SC2 Masters 2022 Atlanta (Online)

VOD

Have the link to the VOD?

Description

Time

  • Played on: Oct. 2, 2022, 2:01 p.m.
  • Length: 9:32

All games in this series

Show
View Real Time Build Order
Export as new Build Order

Elazer Zerg - Winner!

Build Orders: Hatch First 

Get SALT Encoding   

  12  0:00  Drone  
  13  0:12  Overlord  
  13  0:17  Drone  
  14  0:30  Drone x2  
  16  0:47  Hatchery  
  15  0:51  Drone  
  15  0:54  Drone  
  17  0:57  Drone  
  18  1:09  Extractor  
  17  1:13  Spawning Pool  
  17  1:16  Drone  
  17  1:19  Drone  
  18  1:27  Drone  
  19  1:38  Drone  
  20  1:49  Drone  
  21  1:59  Queen x2  
  21  2:00  Zergling x2  
  26  2:02  Overlord  
  26  2:11  Drone x2  
  26  2:12  Metabolic Boost  
  28  2:24  Drone  
  28  2:25  Drone  
  30  2:32  Hatchery  
  30  2:34  Drone  
  30  2:35  Drone  
  31  2:42  Queen  
  33  2:47  Overlord  
  33  2:54  Drone  
  33  2:57  Drone x2  
  36  3:05  Queen  
  36  3:07  Overlord  
  36  3:08  Drone x2  
  36  3:10  Drone  
  36  3:12  Drone  
  42  3:17  Queen  
  44  3:24  Spore Crawler  
  44  3:26  Drone  
  44  3:28  Drone x3  
  47  3:38  Drone  
  47  3:39  Drone x3  
  47  3:40  Drone  
  52  3:44  Queen  
  52  3:48  Drone x2  
  56  3:49  Drone x2  
  56  3:53  Overlord  
  58  4:03  Overlord  
  58  4:10  Queen  
  58  4:14  Zergling x16  
  64  4:20  Spore Crawler  
  64  4:22  Spore Crawler  
  64  4:23  Drone x4, Overlord  
  64  4:25  Drone  
  64  4:30  Drone x2  
  69  4:33  Drone x3  
  69  4:35  Queen  
  74  4:41  Overlord  
  74  4:43  Extractor  
  74  4:44  Drone x2, Roach Warren  
  74  4:50  Drone x2  
  74  4:53  Drone  
  74  5:01  Drone x5  
  74  5:04  Drone x2  
  74  5:05  Overlord  
  81  5:09  Drone x3  
  81  5:11  Hatchery, Extractor  
  81  5:12  Drone x2  
  84  5:15  Queen, Extractor  
  84  5:20  Drone x2  
  87  5:24  Overlord  
  87  5:25  Drone  
  85  5:29  Drone  
  85  5:34  Overlord  
  84  5:36  Overlord  
  84  5:40  Overlord, Evolution Chamber  
  84  5:42  Lair  
  83  5:43  Zergling x4  
  83  5:44  Zergling x2  
  83  5:46  Zergling x4  
  83  5:48  Hatchery  
  87  5:50  Zergling x6  
  87  5:54  Zergling x4  
  87  5:55  Baneling Nest  
  91  6:01  Zergling x12  
  97  6:06  Overlord  
  97  6:08  Zerg Melee Weapons Level 1  
  97  6:12  Overlord  
  97  6:13  Drone x2  
  97  6:16  Drone x5  
  100  6:21  Drone  
  100  6:24  Overlord  
  100  6:33  Overlord  
  100  6:34  Drone  
  100  6:35  Drone  
  100  6:36  Roach x6  
  100  6:38  Glial Reconstitution  
  114  6:41  Roach x5  
  114  6:43  Pneumatized Carapace  
  124  6:48  Roach x3  
  124  6:50  Baneling x4  
  124  6:52  Baneling x4  
  130  6:55  Drone  
  130  6:56  Overlord  
  130  6:57  Zergling x4  
  131  7:02  Overlord  
  131  7:06  Roach x6  
  140  7:10  Roach x3  
  145  7:16  Roach x5  
  152  7:23  Roach x4  
  159  7:30  Zergling x14  
  166  7:37  Zergling x20  
  166  7:42  Zergling x6  
  175  7:47  Zergling x4  
  172  7:55  Zergling x14  
  172  7:57  Ravager  
  172  7:58  Ravager x3  
  183  8:00  Zergling x6  
  178  8:09  Zergling x16  
  170  8:14  Overlord  
  170  8:17  Zergling x16  
  162  8:26  Roach  
  162  8:27  Roach x6  
  160  8:30  Roach x3  
  141  8:35  Hatchery  
  141  8:36  Zergling x2, Baneling x2  
  141  8:37  Zergling x10  
  141  8:39  Baneling x2  
  141  8:40  Zergling x8  
  146  8:47  Zergling x8  
  140  8:52  Overlord  
  140  8:53  Drone x6  
  141  9:00  Roach x4  
  137  9:05  Roach x6  
Show
View Real Time Build Order
Export as new Build Order

PtitDrogo Protoss 

Build Orders: 1 Gate Expand, Oracle Opening, Chargelot Immortal 

Get SALT Encoding   

  12  0:00  Probe  
  13  0:12  Probe  
  14  0:17  Pylon  
  14  0:24  Probe (Chrono Boost)  
  15  0:36  Probe (Chrono Boost)  
  15  0:38  Gateway  
  16  0:45  Probe (Chrono Boost)  
  16  0:46  Assimilator  
  17  0:51  Probe  
  18  1:03  Probe  
  19  1:15  Probe  
  20  1:23  Nexus  
  20  1:33  Cybernetics Core  
  20  1:35  Probe  
  21  1:40  Assimilator  
  21  1:48  Probe  
  21  1:50  Pylon  
  22  2:00  Probe  
  23  2:06  Adept (Chrono Boost)  
  23  2:11  Stargate  
  23  2:13  Probe  
  26  2:19  Warp Gate  
  26  2:25  Probe (Chrono Boost)  
  26  2:29  Adept  
  29  2:35  Probe (Chrono Boost)  
  31  2:43  Probe (Chrono Boost)  
  32  2:45  Probe (Chrono Boost)  
  32  2:49  Probe (Chrono Boost)  
  32  2:50  Probe (Chrono Boost)  
  33  2:52  Oracle (Chrono Boost)  
  37  3:01  Probe  
  37  3:02  Probe  
  37  3:03  Gateway  
  39  3:06  Pylon  
  39  3:13  Probe  
  39  3:14  Probe  
  39  3:19  Oracle (Chrono Boost)  
  44  3:27  Probe x2  
  46  3:38  Nexus  
  46  3:39  Probe  
  46  3:40  Probe  
  48  3:44  Pylon  
  48  3:51  Probe  
  48  3:52  Probe  
  48  3:54  Oracle  
  53  3:56  Pylon  
  53  4:03  Probe  
  53  4:04  Probe  
  53  4:06  Assimilator  
  53  4:09  Adept  
  57  4:20  Probe  
  57  4:21  Probe  
  59  4:28  Oracle (Chrono Boost)  
  59  4:29  Assimilator  
  56  4:32  Probe  
  56  4:33  Probe  
  56  4:36  Robotics Facility  
  58  4:43  Gateway x2  
  58  4:44  Forge, Probe  
  60  4:45  Probe  
  60  4:50  Probe  
  61  4:54  Zealot  
  61  4:57  Zealot, Probe x2  
  67  5:02  Probe (Chrono Boost)  
  67  5:06  Shield Battery  
  68  5:10  Twilight Council, Probe (Chrono Boost)  
  68  5:12  Probe (Chrono Boost)  
  70  5:15  Probe (Chrono Boost)  
  73  5:21  Probe (Chrono Boost)  
  73  5:23  Probe (Chrono Boost)  
  73  5:24  Probe (Chrono Boost)  
  73  5:26  Probe (Chrono Boost)  
  73  5:28  Observer (Chrono Boost)  
  76  5:32  Probe  
  76  5:33  Protoss Ground Weapons Level 1, Probe  
  76  5:37  Probe  
  76  5:39  Pylon  
  76  5:41  Immortal (Chrono Boost)  
  81  5:44  Shield Battery, Probe  
  81  5:45  Probe  
  81  5:48  Assimilator  
  81  5:49  Probe, Assimilator  
  84  5:50  Charge  
  84  5:52  Photon Cannon  
  84  5:56  Probe  
  85  5:59  Probe  
  85  6:01  Probe, Pylon  
  87  6:06  Templar Archives  
  87  6:10  Immortal (Chrono Boost)  
  89  6:22  Psionic Storm  
  88  6:29  Gateway x2  
  88  6:31  Gateway  
  88  6:39  Gateway  
  88  6:41  Gateway  
  88  6:43  Immortal (Chrono Boost)  
  92  6:47  High Templar x2  
  92  6:52  High Templar  
  92  6:53  Zealot  
  100  6:56  Pylon  
  100  7:05  Probe  
  100  7:09  Photon Cannon  
  100  7:15  Nexus  
  100  7:16  Pylon  
  100  7:17  Stalker  
  94  7:29  Pylon  
  94  7:34  Probe x3, Pylon  
  94  7:35  Pylon  
  96  7:37  Pylon  
  96  7:40  Zealot  
  94  7:48  Zealot x5  
  94  7:49  High Templar x2  
  94  7:50  Immortal (Chrono Boost), Probe  
  107  7:57  Gateway  
  107  7:58  Probe, Pylon  
  111  8:00  Photon Cannon  
  111  8:01  Photon Cannon  
  111  8:03  Zealot x2  
  113  8:11  Zealot  
  113  8:12  Zealot  
  101  8:13  Zealot x3  
  89  8:23  Zealot x2  
  89  8:26  Zealot x2  
  84  8:35  Zealot x5  
  84  8:36  Probe  
  87  8:42  Probe x2  
  87  8:46  Zealot x4  
  87  8:48  Probe  
  94  8:54  Probe  
  94  8:55  Probe  
  90  8:56  Stalker x4  
  90  9:00  Probe  
  94  9:06  Probe  
  94  9:07  Probe  
  92  9:12  Probe, High Templar x5  
Tags
 
Add a new tag
Caveats
  • Supply blocks, unpowered buildings, or Contaminate may cause inaccurate times.
  • Supply counts are checked every 10 seconds.